 Dungeon Crawl Stone Soup version 0.31.0-12-g77e489cdc1 (webtiles) character file.

Game seed: 7701385900216607757

15366 spaghetti the Fighter (level 12, -4/123 HPs)
             Began as a Naga Chaos Knight on Feb 18, 2024.
             Was a Plaything of Xom.
             Slain by a two-headed ogre
             ... wielding a +0 dire flail
              (14 damage)
             ... on level 2 of the Orcish Mines.
             The game lasted 00:19:48 (11869 turns).

spaghetti the Fighter (Naga Chaos Knight)          Turns: 11869, Time: 00:19:49

Health: -4/123     AC: 22    Str: 28    XL:     12   Next: 26%
Magic:  0/21       EV: 10    Int: 10    God:    Xom [.*....]
Gold:   1098       SH:  0    Dex: 17    Spells: 11/23 levels left

rFire   . . .        a - +1 falchion (chaos)
rCold   . . .        (no shield)
rNeg    . . .        b - +2 leather armour
rPois   +            D - +2 hat
rElec   .            I - +1 cloak {Stlth+}
rCorr   .            k - +0 pair of gloves
SInv    +            s - +0 barding "Poxkiomn" {Str+6}
Will    +....        m - amulet of guardian spirit
Stlth   ++           (no ring)
HPRegen 0.40/turn    (no ring)
MPRegen 0.17/turn

%: random rage (3%), guardian spirit
@: fugue, on berserk cooldown, animating dead, hasted and slowed, invisible,
very slow
A: AC +4, large, see invisible, deformed body, poison resistance, slowness 2,
spit poison 2, naga tail 1, stinger 1, iridescent scales 2, agile 1, berserk 1,
robust 1, strong 2
a: Breathe Poison Gas, Renounce Religion


You were on level 2 of the Orcish Mines.
You worshipped Xom.
You were a plaything of Xom.
You visited 2 branches of the dungeon, and saw 12 of its levels.

You collected 1098 gold pieces.

Inventory:

Hand Weapons
 a - a +1 falchion of chaos (weapon)
Missiles
 B - 12 javelins
Armour
 b - a +2 leather armour (worn)
 k - a +0 pair of gloves (worn)
 s - the +0 barding "Poxkiomn" (worn) {Str+6}
   (You acquired it on level 9 of the Dungeon)

   Str+6:     It affects your strength (+6).
 D - a +2 hat (worn)
 I - a +1 cloak of stealth (worn)
Jewellery
 m - an amulet of guardian spirit (around neck)
 w - a ring of flight
 E - an amulet of faith
 H - a ring of ice
 N - a ring of ice
Wands
 e - a wand of flame (34)
 i - a wand of charming (2)
 q - a wand of mindburst (32)
 y - a wand of polymorph (3)
Scrolls
 c - a scroll of butterflies
 f - a scroll of enchant weapon
 g - 2 scrolls of vulnerability
 h - a scroll of fog
 j - 2 scrolls of identify
 n - 3 scrolls of teleportation
 r - a scroll of immolation
 x - a scroll of torment
 C - a scroll of enchant armour
 J - a scroll of poison
 L - 2 scrolls of revelation
 M - a scroll of brand weapon {unknown}
Potions
 d - 5 potions of curing
 l - 2 potions of cancellation
 o - 2 potions of invisibility
 t - 2 potions of might
 u - a potion of attraction
 v - a potion of ambrosia
 z - a potion of enlightenment
 A - a potion of brilliance
 F - 2 potions of lignification


   Skills:
 + Level 8.6 Fighting
 + Level 8.4 Long Blades
 + Level 3.8 Throwing
 + Level 5.4 Armour
 + Level 5.2 Dodging
 + Level 6.3 Spellcasting
 + Level 6.2 Summonings
 + Level 6.1 Necromancy
 + Level 6.1 Ice Magic


You had 11 spell levels left.
You knew the following spells:

 Your Spells              Type           Power      Damage    Failure   Level
a - Fugue of the Fallen   Necr           15%        N/A       5%          3
b - Call Imp              Summ           30%        N/A       2%          2
c - Summon Ice Beast      Ice/Summ       15%        N/A       5%          3
d - Animate Dead          Necr           15%        N/A       19%         4

Your spell library contained the following spells:

 Spells                   Type           Power      Damage    Failure   Level
 Necrotise                Necr           60%        1d7       1%          1
 Sublimation of Blood     Necr           15%        N/A       2%          2
 Ozocubu's Armour         Ice            15%        N/A       5%          3
 Kiss of Death            Conj/Necr      36%        2d8       6%          1
 Cigotuvi's Dreadful Rot  Necr/Alch/Air  14%        N/A       14%         2
 Dispel Undead            Necr           15%        3d10      19%         4
 Shock                    Conj/Air       12%        1d3       22%         1
 Mercury Vapours          Alch/Air       6%         N/A       32%         2
 Confusing Touch          Hex            3%         N/A       54%         3
 Inner Flame              Hex/Fire       3%         N/A       54%         3
 Mephitic Cloud           Conj/Alch/Air  3%         N/A       54%         3
 Swiftness                Air            3%         N/A       54%         3
 Summon Mana Viper        Hex/Summ       9%         N/A       86%         5
 Airstrike                Air            1%         2d(1-17)  91%         4
 Flame Wave               Conj/Fire      3%         2d5       91%         4
 Ignite Poison            Fire/Alch      3%         N/A       91%         4
 Manifold Assault         Tloc           3%         N/A       91%         4
 Sticky Flame             Fire/Alch      3%         2d4       91%         4
 Freezing Cloud           Conj/Ice/Air   3%         6-21      95%         5
 Haunt                    Necr/Summ      7%         N/A       100%        7
 Monstrous Menagerie      Summ           7%         N/A       100%        7
 Spellforged Servitor     Conj/Summ      4%         N/A       100%        7
 Summon Hydra             Summ           7%         N/A       100%        7
 Borgnjor's Revivificati  Necr           7%         N/A       100%        8
 Infestation              Necr           7%         N/A       100%        8
 Death's Door             Necr           7%         N/A       100%        9


Dungeon Overview and Level Annotations

Branches:
Dungeon (10/15)            Temple (0/1) D:4             Orc (2/2) D:10
    Elf (0/3) Orc:2
   Lair: D:8-11

Altars:
Dithmenos
Ru
Xom
Jiyva

Shops:
D:2 [   Orc:1 :   Orc:2 !***

Annotations:
D:8 2 transporters
D:10 Erolcha
Orc:2 1 runed translucent door, Magramal's ghost, journeyman DrSh


Innate Abilities, Weirdness & Mutations

Your serpentine skin is tough. (AC +4)
You have supernaturally acute eyesight. (SInv)
Armour fits poorly on your strangely shaped body.
Your system is resistant to poisons. (rPois)
You cover ground very slowly.
You can exhale a cloud of poison.
You have a snake-like lower body.
Your tail ends in a venomous barb.
You are mostly covered in iridescent scales. (AC +4)
You are agile. (Dex +4, Str/Int -1)
You sometimes lose your temper in combat.
You are robust. (+10% HP)
Your muscles are very strong. (Str +8, Int/Dex -2)


Message History

Unknown command.
Unknown command.
You slash the ogre!
The ogre is almost dead.
The fallen lash out in pain!
The wailing of tortured souls fills the air!
You have got your breath back.
The ogre closely misses you.
Unknown command.
Unknown command.
Unknown command.
You hit the ogre.
You kill the ogre!
The dead are walking!
The two-headed ogre hits your two-headed ogre zombie with a +0 giant club!! x2
The two-headed ogre hits your two-headed ogre zombie with a +0 giant spiked club!
The two-headed ogre hits your two-headed ogre zombie with a +0 giant club!
Your two-headed ogre zombie is destroyed!
The ogre barely misses you. The two-headed ogre barely misses you.
The two-headed ogre hits you with a +0 dire flail.
* * * LOW HITPOINT WARNING * * *
Unknown command.
Unknown command.
You strike the helpless ogre from behind!
You slash the ogre! You burn the ogre.
You kill the ogre!
You are no longer berserk.
You are exhausted.
You feel yourself slow down.
Unknown command.
Unknown command.
Okay, then.
You feel yourself speed up. The two-headed ogre closely misses you.
The two-headed ogre hits you with a +0 giant club!
* * * LOW HITPOINT WARNING * * *
Your ogre zombie hits the two-headed ogre!
The two-headed ogre hits you but does no damage.
The two-headed ogre hits you with a +0 giant club!
You die...
Xom laughs nastily!

.....##**####..########...O..O..O
....##**,...........####....##+##
....#*, .............##.^#.#$W(#
....#,, ,..............#..**##.#*
....., ....∩∩.O.........* ###.
,,,,,,, ,....∩∩.OOOO......* *....
,,,,*, ,,......OOOOO...#.,**#..O.
,,, * , ......OOOOOO.##, *#.....
,,,,** .....OO@OOO###*,,,...###
,, ****####.Z######**,,, ... **
,,,, ,,, .....,,,,,, ,,,, .., *
*,, ,,, ......,,,, , ,,*,,, ,,, *
*,,,,,.##### * **** *,,,, * ,, *
**,**,* **,*,,,,,, ** *,* ***,, ,
, * ,,,,,, **,** ****,,, ,,,


You could see 8 two-headed ogres, 2 ogre magi, 11 ogres and a friendly ogre
zombie.

Vanquished Creatures
  Fannar (D:10)
  6 two-headed ogres
  Maurice (D:9)
  A kobold blastminer (Orc:2)
  A troll (Orc:1)
  Grinder (D:3)
  2 jumping spiders
  A spriggan (D:7)
  7 yaks
  A shadow (D:9)
  A wraith (D:10)
  2 wyverns
  Grum (D:9)
  Eustachio (D:6)
  A steam dragon (D:8)
  An acid dragon (Orc:2)
  2 water moccasins
  6 sky beasts
  6 orc warriors
  9 ogres
  4 wolves (D:9)
  2 centaurs
  A lemure (D:6)
  3 kobold brigands
  A gnoll sergeant (D:9)
  A scorpion (D:4)
  A bullfrog (D:4)
  9 wights
  3 killer bees (D:10)
  2 howler monkeys
  4 hounds
  8 orc priests
  3 iguanas
  Jessica (D:2)
  Terence (D:3)
  2 sleepcaps (D:6)
  Natasha (thrice) (D:2)
  13 orc wizards
  9 adders
  7 gnolls
  A shadow imp (D:5)
  A white imp (D:7)
  3 dart slugs
  39 orcs
  12 bats
  5 endoplasms
  2 giant cockroaches
  10 goblins
  7 hobgoblins
  2 jackals (D:3)
  5 quokkas
  2 ball pythons
  17 kobolds
  2 orc zombies (Orc:1)
  6 rats
244 creatures vanquished.

Vanquished Creatures (collateral kills)
  An ogre mage (Orc:2)
  A two-headed ogre (Orc:2)
  Sonja (Orc:1)
  An orc sorcerer (Orc:1)
  A gargoyle (D:10)
  4 ogres
  A kobold brigand (D:10)
  An orc priest (D:9)
  2 orc wizards
  8 orcs
  4 kobolds (D:10)
25 creatures vanquished.

Vanquished Creatures (others)
  A jumping spider zombie (Orc:2)
  4 two-headed ogre zombies (Orc:2)
  A yak zombie (D:10)
  2 ogre zombies (Orc:2)
  An orc (D:5)
  A bat zombie (D:10)
  A kobold zombie (D:10)
  8 orc zombies
19 creatures vanquished.

Grand Total: 288 creatures vanquished

Notes
Turn   | Place    | Note
-------+----------+-------------------------------------------
     0 | D:1      | spaghetti the Naga Chaos Knight began the quest for the
                  | Orb.
     0 | D:1      | Reached XP level 1. HP: 21/21 MP: 1/1
    49 | D:1      | XOM: silly message
   153 | D:1      | Reached XP level 2. HP: 28/28 MP: 2/2
   403 | D:1      | XOM: silly message
   716 | D:1      | XOM: silly message
   720 | D:1      | XOM: divination: detect creatures
   959 | D:1      | XOM: 4-stop teleportation journey
  1066 | D:2      | Noticed Natasha
  1070 | D:2      | Killed Natasha
  1071 | D:2      | Reached XP level 3. HP: 32/36 MP: 3/3
  1190 | D:2      | Noticed Natasha
  1200 | D:2      | Killed Natasha
  1201 | D:2      | Reached XP level 4. HP: 31/44 MP: 4/4
  1251 | D:2      | Found a shadowy altar of Dithmenos.
  1308 | D:2      | XOM: summons 3 hostile demons
  1335 | D:2      | XOM: 3-stop teleportation journey
  1450 | D:2      | Noticed Jessica
  1453 | D:2      | Killed Jessica
  1461 | D:2      | Reached XP level 5. HP: 49/51 MP: 4/6
  1611 | D:2      | Reached skill level 1 in Spellcasting
  1628 | D:2      | XOM: god gift: 3 stones
  1633 | D:2      | Noticed Natasha
  1643 | D:2      | Killed Natasha
  1686 | D:2      | XOM: silly message
  1751 | D:2      | XOM: silly message
  2009 | D:2      | Found Ovoloz's Antique Armour Emporium.
  2242 | D:2      | Gained mutation: Your muscles are strong. (Str +4, Int/Dex
                  | -1) [potion of mutation]
  2242 | D:2      | Gained mutation: Your spells are a little harder to cast,
                  | but a little more powerful. [potion of mutation]
  2242 | D:2      | Gained mutation: You are agile. (Dex +4, Str/Int -1)
                  | [potion of mutation]
  2278 | D:3      | Noticed Terence
  2283 | D:3      | Killed Terence
  2316 | D:3      | Noticed Grinder
  2319 | D:3      | Paralysed by Grinder for 3 turns
  2328 | D:3      | Killed Grinder
  2329 | D:3      | Reached skill level 5 in Fighting
  2329 | D:3      | Reached skill level 5 in Long Blades
  2329 | D:3      | Reached XP level 6. HP: 48/61 MP: 5/9
  2892 | D:3      | XOM: scenery: 1 doors close
  2948 | D:3      | Learned a level 3 spell: Fugue of the Fallen
  2951 | D:3      | Learned a level 2 spell: Call Imp
  2990 | D:4      | XOM: divination: detect items
  2992 | D:4      | XOM: smoke on damage
  3001 | D:4      | Reached XP level 7. HP: 55/67 MP: 6/10
  3050 | D:4      | XOM: god gift: Povaqek's Omnibus of Malignant Mysteries and
                  | Generation {god gift}
  3051 | D:4      | Got Povaqek's Omnibus of Malignant Mysteries and Generation
                  | {god gift}
  3056 | D:4      | Learned a level 3 spell: Summon Ice Beast
  3520 | D:4      | Reached skill level 1 in Summonings
  3520 | D:4      | Reached skill level 1 in Necromancy
  3629 | D:4      | Found a staircase to the Ecumenical Temple.
  3966 | D:5      | Entered Level 5 of the Dungeon
  4019 | D:5      | XOM: give mutations
  4019 | D:5      | Gained mutation: You are robust. (+10% HP) [Xom's grace]
  4019 | D:5      | Gained mutation: Your tail ends in a venomous barb. [Xom's
                  | grace]
  4080 | D:5      | XOM: enchant monster (good)
  4091 | D:5      | Reached skill level 1 in Dodging
  4095 | D:5      | XOM: confuse monster(s)
  4107 | D:5      | Reached skill level 1 in Ice Magic
  4158 | D:5      | XOM: noise
  4395 | D:5      | XOM: god gift: robe {god gift}
  4420 | D:5      | XOM: cloud trail
  4484 | D:5      | XOM: silly message
  4509 | D:6      | Reached XP level 8. HP: 79/83 MP: 12/12
  4849 | D:6      | XOM: enchant monster (bad)
  4851 | D:6      | XOM: repel stairs
  4926 | D:6      | XOM: give mutations
  4926 | D:6      | Gained mutation: You passively map a small area around you.
                  | [Xom's grace]
  4926 | D:6      | Gained mutation: Your muscles are very strong. (Str +8,
                  | Int/Dex -2) [Xom's grace]
  4926 | D:6      | Gained mutation: You can exhale a cloud of poison. [Xom's
                  | grace]
  4926 | D:6      | Gained mutation: You have a pair of small horns on your
                  | head. [Xom's grace]
  4933 | D:6      | XOM: give mutations
  4933 | D:6      | Lost mutation: You have a pair of small horns on your head.
                  | [Xom's mischief]
  4933 | D:6      | Gained mutation: You are vulnerable to heat. (rF-) [Xom's
                  | mischief]
  4995 | D:6      | Noticed Eustachio
  5005 | D:6      | XOM: confuse monster(s)
  5009 | D:6      | Killed Eustachio
  5157 | D:6      | Found a shimmering altar of Xom.
  5157 | D:6      | Found a sacrificial altar of Ru.
  5237 | D:6      | XOM: silly message
  5240 | D:6      | XOM: give mutations
  5240 | D:6      | Gained mutation: You sometimes lose your temper in combat.
                  | [Xom's mischief]
  5240 | D:6      | Gained mutation: You are partially covered in iridescent
                  | scales. (AC +2) [Xom's mischief]
  5241 | D:6      | XOM: noise
  5245 | D:6      | XOM: potion effect (heal wounds)
  5246 | D:6      | XOM: 1-stop teleportation journey
  5300 | D:6      | XOM: confusion
  5325 | D:6      | XOM: summons friendly white imp
  5631 | D:6      | XOM: enchant monster (bad)
  5905 | D:7      | Reached XP level 9. HP: 50/90 MP: 7/14
  5991 | D:7      | XOM: give mutations
  5991 | D:7      | Lost mutation: You are vulnerable to heat. (rF-) [Xom's
                  | mischief]
  5991 | D:7      | Lost mutation: Your spells are a little harder to cast, but
                  | a little more powerful. [Xom's mischief]
  7042 | D:8      | Noticed a two-headed ogre
  7051 | D:8      | XOM: smoke on damage
  7053 | D:8      | HP: 3/93 [two-headed ogre/+0 dire flail (23)]
  7055 | D:8      | Killed a two-headed ogre
  7056 | D:8      | Reached XP level 10. HP: 4/101 MP: 1/16
  7267 | D:8      | XOM: noise
  7425 | D:8      | XOM: confusion
  7439 | D:8      | XOM: swap monsters
  7443 | D:8      | XOM: noise
  7823 | D:8      | Noticed a great orb of eyes
  7829 | D:8      | Found a transporter.
  7829 | D:8      | Found a viscous altar of Jiyva.
  8061 | D:8      | Found a transporter.
  8061 | D:8      | Found the +4 consecrated labrys {holy, Valiant ^Fragile Fly
                  | SInv}
  8104 | D:9      | Noticed Maurice
  8106 | D:9      | Noticed a two-headed ogre
  8108 | D:9      | Maurice stole a ring of ice
  8115 | D:9      | XOM: summons 6 hostile demons
  8115 | D:9      | Maurice stole 10 javelins
  8143 | D:9      | Killed a two-headed ogre
  8155 | D:9      | Killed Maurice
  8156 | D:9      | Reached skill level 1 in Throwing
  8156 | D:9      | Reached skill level 5 in Spellcasting
  8222 | D:9      | Identified a scroll of acquirement
  8225 | D:9      | Acquired the +0 barding "Poxkiomn" {Str+6}
  8454 | D:9      | XOM: polymorph hornet -> jumping spider
  8494 | D:9      | Noticed Grum
  8495 | D:9      | XOM: give mutations
  8495 | D:9      | Gained mutation: You occasionally lose the ability to drink
                  | potions when taking damage. [Xom's mischief]
  8495 | D:9      | Lost mutation: You occasionally lose the ability to drink
                  | potions when taking damage. [Xom's mischief]
  8495 | D:9      | Gained mutation: You are mostly covered in iridescent
                  | scales. (AC +4) [Xom's mischief]
  8495 | D:9      | Lost mutation: You passively map a small area around you.
                  | [Xom's mischief]
  8511 | D:9      | Killed Grum
  8819 | D:9      | XOM: 6-stop teleportation journey
  8840 | D:9      | XOM: blink monster(s)
  9188 | D:9      | Reached XP level 11. HP: 106/108 MP: 16/18
  9434 | D:10     | Entered Level 10 of the Dungeon
  9537 | D:10     | Learned a level 4 spell: Animate Dead
  9715 | D:10     | Reached skill level 5 in Summonings
  9862 | D:10     | XOM: polymorph orc -> bat
  9863 | D:10     | HP: 2/112 [orc priest/divine providence (15)]
  9874 | D:10     | Reached skill level 5 in Necromancy
  9878 | D:10     | Reached skill level 5 in Ice Magic
 10175 | D:10     | Noticed Erolcha
 10214 | D:10     | Erolcha changed into Erolcha the bombardier beetle
 10214 | D:10     | Noticed Erolcha
 10214 | D:10     | XOM: polymorph Erolcha -> Erolcha the bombardier beetle
 10416 | D:9      | XOM: god gift: robe {god gift}
 10441 | D:9      | XOM: god gift: scale mail {god gift}
 10473 | D:10     | Noticed Fannar
 10481 | D:10     | Killed Fannar
 10665 | D:10     | XOM: god gift: 40 gold pieces
 10859 | D:10     | XOM: god gift: 39 gold pieces
 10881 | D:10     | Found a staircase to the Orcish Mines.
 10901 | Orc:1    | Entered Level 1 of the Orcish Mines
 11016 | Orc:1    | Noticed Sonja
 11023 | Orc:1    | XOM: confuse monster(s)
 11044 | Orc:1    | XOM: summons friendly iron imp
 11050 | Orc:1    | Killed Sonja
 11284 | Orc:1    | XOM: cleaving
 11312 | Orc:1    | Noticed an orc sorcerer
 11319 | Orc:1    | Noticed a soul eater
 11319 | Orc:1    | Killed an orc sorcerer
 11320 | Orc:1    | Reached skill level 5 in Armour
 11338 | Orc:1    | XOM: cloud trail
 11449 | Orc:1    | XOM: 3-stop teleportation journey
 11474 | Orc:1    | Found Qanny's Book Shoppe.
 11674 | Orc:2    | Entered Level 2 of the Orcish Mines
 11674 | Orc:2    | Found a staircase to the Elven Halls.
 11794 | Orc:2    | Found a runed translucent door.
 11795 | Orc:2    | Found a shimmering altar of Xom.
 11795 | Orc:2    | Noticed Magramal's ghost (journeyman DrSh)
 11795 | Orc:2    | Noticed a +1 rapier of chaos
 11821 | Orc:2    | XOM: enchant monster (bad)
 11828 | Orc:2    | Noticed a two-headed ogre
 11828 | Orc:2    | Noticed a two-headed ogre
 11832 | Orc:2    | Noticed a two-headed ogre
 11834 | Orc:2    | Noticed an ogre mage
 11836 | Orc:2    | Found Vytwula's General Store.
 11836 | Orc:2    | Found Kuirupnu's Assorted Antiques.
 11836 | Orc:2    | Found Dalonte's General Store.
 11836 | Orc:2    | Found Opteotiowk's Distillery.
 11836 | Orc:2    | Noticed a two-headed ogre
 11836 | Orc:2    | Noticed a two-headed ogre
 11836 | Orc:2    | Noticed a two-headed ogre
 11836 | Orc:2    | Noticed an ogre mage
 11836 | Orc:2    | Noticed a two-headed ogre
 11836 | Orc:2    | Noticed a two-headed ogre
 11836 | Orc:2    | XOM: 1-stop teleportation journey
 11837 | Orc:2    | Noticed a two-headed ogre
 11839 | Orc:2    | Noticed a two-headed ogre
 11839 | Orc:2    | Noticed a two-headed ogre
 11840 | Orc:2    | Noticed a two-headed ogre
 11841 | Orc:2    | Noticed a two-headed ogre
 11842 | Orc:2    | Noticed a two-headed ogre
 11842 | Orc:2    | Noticed a two-headed ogre
 11843 | Orc:2    | Killed an ogre mage
 11845 | Orc:2    | Noticed an ogre mage
 11848 | Orc:2    | Killed a two-headed ogre
 11850 | Orc:2    | Noticed an ogre mage
 11851 | Orc:2    | Reached skill level 5 in Dodging
 11855 | Orc:2    | Killed a two-headed ogre
 11856 | Orc:2    | Reached XP level 12. HP: 64/123 MP: 7/21
 11856 | Orc:2    | XOM: divination: magic mapping
 11857 | Orc:2    | a two-headed ogre changed into a jumping spider
 11859 | Orc:2    | Killed a two-headed ogre
 11861 | Orc:2    | Killed a two-headed ogre
 11863 | Orc:2    | Killed a two-headed ogre
 11869 | Orc:2    | Slain by a two-headed ogre

Illustrated notes

Levels and vault maps discovered:
D:1:      enne_arrival_octagon_isle, layout_basic, dk_noncrumbling_2,
          minmay_fountain_box
D:2:      layout_loops_ring, basic_altar, serial_shops,
          nicolae_shop_real_fake_doors, minmay_pentomino_pile, uniq_jessica,
          uniq_natasha
D:3:      layout_basic, roderic_batcave, grunt_decor_mini_mirrors, uniq_grinder,
          uniq_terence
D:4:      layout_loops_cross, minmay_temple_entry_gardened_gates
D:5:      layout_layer_cave
D:6:      layout_basic, mainiacjoe_overflow_divided_tiny, minivault_1,
          uniq_eustachio, uniq_pikel
D:7:      layout_basic, the_hattery
D:8:      gammafunk_jiyva_shrine, layout_loops_corners
D:9:      layout_rooms, hangedman_decor_slide_cut, dreamdust_wishing_well,
          uniq_maurice, uniq_grum
D:10:     layout_loops_cross, hiddenorc1_lemuel, uniq_erolcha, uniq_fannar
Orc:1:    layout_caves, serial_shops, shop, mines4_lemuel, uniq_sonja
Orc:2:    st_orc_ogre_mass, layout_caves, portal_ice_cave_demonic_guard,
          basic_altar, ebering_ghost_xom

Skill      XL: |  1  2  3  4  5  6  7  8  9 10 11 12 |
---------------+-------------------------------------+-----
Fighting       | 4 5 6 7 8 |  8.6
Long Blades    | 4 5 6 7 8 |  8.4
Spellcasting   | 2 3 4 5 6 |  6.3
Summonings     | 1 2 3 4 5 6 |  6.2
Necromancy     | 1 2 3 4 5 6 |  6.1
Dodging        | 1 2 3 4 5 |  5.2
Ice Magic      | 1 2 3 4 5 6 |  6.1
Armour         | 2 3 4 5 |  5.4
Throwing       | 2 3 |  3.8

Action                     |  1- 3 |  4- 6 |  7- 9 | 10-12 || total
---------------------------+-------+-------+-------+-------++-------
  Melee: Falchion          |    50 |   123 |   329 |   408 ||   910
         Punch             |     1 |     1 |       |     8 ||    10
         Headbutt          |       |       |     1 |       ||     1
  Throw: Javelin           |       |       |    16 |     9 ||    25
   Cast: Call Imp          |       |       |     1 |    15 ||    16
         Summon Ice Beast  |       |       |       |    17 ||    17
         Fugue of the Fall |       |       |       |    17 ||    17
         Animate Dead      |       |       |       |    11 ||    11
Ability: Spit Poison       |    19 |    21 |    24 |       ||    64
         Breathe Poison Ga |       |       |     5 |    12 ||    17
  Evoke: Wand              |       |       |     2 |     3 ||     5
    Use: Scroll            |     1 |     7 |     4 |     8 ||    20
         Potion            |       |     4 |     4 |     5 ||    13
   Stab: Paralysed         |       |     1 |     3 |       ||     4
         Confused          |       |       |       |     4 ||     4
         Petrified         |       |       |       |     1 ||     1
         Distracted        |       |       |       |     3 ||     3
         Invisible         |       |       |       |     5 ||     5
 Armour: Leather armour    |    45 |   100 |   270 |   518 ||   933
  Dodge: Dodged            |    30 |    65 |   171 |   273 ||   539
